Map: Catalyst LE

Players

SpaceMarine

  • Race: Protoss Protoss
  • Spawn Location: 11:00

SortOf - Winner!

  • Race: Zerg Zerg
  • Spawn Location: 5:00

Event: WCS Valencia 2018

VOD

Have the link to the VOD?

Description

Time

  • Played on: July 12, 2018, 8:08 a.m.
  • Length: 5:03

All games in this series

Show
View Real Time Build Order
Export as new Build Order

SpaceMarine Protoss 

Build Orders: 1 Gate Expand 

Get SALT Encoding   

  12  0:00  Probe  
  13  0:12  Probe  
  14  0:20  Pylon  
  14  0:24  Probe  
  15  0:36  Probe  
  15  0:38  Gateway  
  16  0:44  Probe  
  17  0:51  Assimilator  
  17  0:53  Probe  
  18  1:05  Probe  
  19  1:21  Nexus  
  19  1:24  Zealot  
  19  1:39  Cybernetics Core  
  20  1:41  Gateway  
  20  1:50  Zealot  
  20  1:53  Probe  
  23  1:57  Assimilator  
  23  2:10  Cybernetics Core  
  23  2:16  Cybernetics Core  
  23  2:38  Pylon  
  23  2:40  Probe  
  23  2:50  Nexus  
  23  2:55  Probe  
  23  2:56  Sentry  
  26  3:03  Probe  
  26  3:11  Probe  
  28  3:22  Probe  
  31  3:27  Pylon  
  31  3:34  Probe  
  21  4:01  Robotics Facility, Probe  
  21  4:09  Probe  
  17  4:10  Gateway  
  17  4:11  Gateway  
  17  4:12  Pylon  
  18  4:18  Probe  
  18  4:19  Pylon  
  19  4:28  Probe  
  16  4:47  Pylon  
Show
View Real Time Build Order
Export as new Build Order

SortOf Zerg - Winner!

Build Orders: Pool First, Ravager All-In 

Get SALT Encoding   

  12  0:18  Spawning Pool  
  11  0:22  Drone  
  11  0:26  Drone  
  13  0:31  Drone  
  14  0:42  Overlord  
  14  1:04  Zergling x2  
  14  1:05  Zergling x4  
  17  1:15  Zergling x2  
  18  1:22  Hatchery  
  17  1:27  Drone  
  17  1:29  Extractor  
  17  1:39  Drone  
  18  1:46  Roach Warren  
  17  1:48  Drone  
  18  2:03  Drone  
  19  2:16  Drone  
  19  2:18  Extractor  
  19  2:25  Drone  
  20  2:34  Queen  
  20  2:35  Roach  
  24  2:40  Overlord  
  24  2:45  Roach  
  24  2:50  Drone  
  27  3:02  Roach, Ravager  
  29  3:08  Overlord  
  29  3:12  Ravager  
  30  3:23  Ravager  
  30  3:24  Roach  
  31  3:35  Queen  
  32  3:45  Roach  
  32  3:47  Ravager  
  35  3:56  Roach  
  35  4:02  Drone  
  35  4:03  Drone  
  35  4:06  Ravager  
  37  4:11  Roach  
  39  4:19  Roach  
  41  4:28  Roach  
  43  4:32  Overlord  
  43  5:00  Ravager x2  
Tags
 
Add a new tag
Caveats
  • Supply blocks, unpowered buildings, or Contaminate may cause inaccurate times.
  • Supply counts are checked every 10 seconds.